 Dungeon Crawl Stone Soup version 0.30-a0-166-g5d06c95188 (webtiles) character file.

Game seed: 12083898634300212657

598 qw the Chopper (level 7, -5/43 HPs)
             Began as a Gargoyle Fighter on Sept 28, 2022.
             Slain by an ice beast (12 damage)
             ... on level 5 of the Dungeon.
             The game lasted 00:01:28 (3642 turns).

qw the Chopper (Gargoyle Fighter)                   Turns: 3642, Time: 00:01:28

Health: -5/43      AC: 15    Str: 21    XL:     7   Next: 40%
Magic:  6/6        EV:  9    Int:  9    God:
Gold:   211        SH:  4    Dex:  9    Spells: 6/6 levels left

rFire   . . .      SeeInvis .    Y - +0 war axe
rCold   . . .      Faith    .    c - +0 buckler
rNeg    + . .      Spirit   .    b - +0 scale mail
rPois   inf        Reflect  .    s - +0 helmet
rElec   +          Harm     .    e - +0 cloak
rCorr   .          Rampage  .    (no gloves)
Will    .....                    (no boots)
Stlth   ..........               a - amulet of regeneration
HPRegen 0.94/turn                (no ring)
MPRegen 0.10/turn                (no ring)

@: about to teleport
A: sickness immunity, AC +4, negative energy resistance 1, electricity
resistance, torment resistance 1, petrification resistance, iridescent scales 1,
low MP 1
a: no special abilities


You were on level 5 of the Dungeon.
You visited 1 branch of the dungeon, and saw 5 of its levels.

You collected 211 gold pieces.


Innate Abilities, Weirdness & Mutations

You are immune to sickness and miasma.
Your stone body is resilient. (AC +4)
You are immune to poison.
You resist negative energy. (rN+)
You are resistant to electric shocks. (rElec)
You are resistant to unholy torment.
You are immune to petrification.
You are partially covered in iridescent scales. (AC +2)
Your magical capacity is low. (-10% MP)


   Skills:
 - Level 4.2 Fighting
 + Level 6.5 Axes
 - Level 3.2 Armour
 - Level 1.7 Dodging
 - Level 3.2 Shields


You had 6 spell levels left.
You didn't know any spells.
Your spell library was empty.

Inventory:

Hand Weapons
 f - a +1 vorpal mace
 Y - a +0 war axe (weapon)
Armour
 b - a +0 scale mail (worn)
 c - a +0 buckler (worn)
 e - a +0 cloak (worn)
 s - a +0 helmet (worn)
Jewellery
 a - an amulet of regeneration (around neck)
Scrolls
 n - a scroll of identify
Potions
 d - 2 potions of might
 g - a potion of curing
 h - 2 potions of resistance
 k - a potion of lignification {unknown}
 l - a potion of haste
 o - a potion of berserk rage {unknown}
 p - a potion of mutation
 r - a potion of attraction {unknown}

Dungeon Overview and Level Annotations

Branches:
Dungeon (5/15)
 Temple: D:4-7

Altars:
Ashenzari

Annotations:
D:5 Ijyb


Message History

The scorpion barely misses you.
Ijyb screams, "You nasty!
Big nasty!"
The ice beast barely misses you.
The orc throws a stone.
The stone hits you but does no damage.
You hit the scorpion but do no damage.
The scorpion is moderately wounded.
You hit the ice beast but do no damage. The scorpion barely misses you.
The ice beast barely misses you.
The orc throws a stone.
The stone hits you.
The scorpion stings you but does no damage.
You hit the scorpion but do no damage.
The scorpion is moderately wounded.
You slash the ice beast!
Ijyb zaps a wand.
The puff of flame hits you but does no damage.
The ice beast barely misses you. The scorpion stings you.
You hit the ice beast.
The ice beast is heavily wounded.
You hit the scorpion but do no damage.
The scorpion stings you but does no damage.
The orc priest casts a cantrip, but nothing happens.
The ice beast hits you but does no damage.
The scorpion stings you but does no damage.
You block the ice beast's attack.
An orc comes into view. It is wielding a +0 flail.
An orc priest comes into view. It is wielding a +0 mace.
You barely miss the ice beast.
The ice beast is heavily wounded.
You barely miss the scorpion.
The orc shouts!
The scorpion barely misses you.
The ice beast hits you but does no damage.
The orc priest invokes the aid of Beogh against you.
Beogh smites you!
3642 ||| READING scroll of teleportation.
As you read the scroll of teleportation, it crumbles to dust.
You feel strangely unstable.
The scorpion stings you but does no damage.
The ice beast hits you. The ice beast freezes you!
You die...

~)~###~.¤ .
~.~~~~~.~¤¤¤~.¤¤~ ....
0 .........¤.¤¤....
.... ¤
¤¤~¤¤~~.¤~~¤¤¤~~~ .....
0 ~.~###~.~# #~¤¤#
...o. ~¤~# #~.~# #~.¤#
~.oo#
~¤~###¤.~###¤¤~###~g#
¤.~~~~¤.~¤~~¤¤¤~¤~¤o#
.........¤¤..¤.Y@sSo#
¤.~~~¤¤.~¤¤~¤.~~~~~...#
~.~###¤.~###~.~###~.#.#
~.¤# #¤¤~# #~.~# ~...
~.~# #¤¤~# #~.~# .###
~.~¤ ~¤¤~~~~~.¤¤~ ..
./...¤¤¤.....¤¤¤.. .#
~.¤¤~¤¤¤~~~~~.¤¤~~ .#


You could see an ice beast, Ijyb, a scorpion, 2 orc priests, an adder and 3
orcs.

Vanquished Creatures
  An ice beast (D:5)
  An ogre (D:4)
  A centaur (D:5)
  A necrophage (D:4)
  A scorpion (D:4)
  2 orc priests (D:5)
  An iguana (D:3)
  4 adders
  5 worms
  3 dart slugs
  7 orcs
  4 ball pythons
  6 endoplasms
  5 giant cockroaches
  3 hobgoblins
  7 jackals
  4 quokkas
  6 bats
  2 frilled lizards
  2 goblins
  9 kobolds
  4 rats
79 creatures vanquished.

Vanquished Creatures (others)
  A scorpion (D:5)
  A hound (D:5)
  An orc (D:5)
3 creatures vanquished.

Grand Total: 82 creatures vanquished

Notes
Turn   | Place    | Note
-------+----------+-------------------------------------------
     0 | D:1      | qw the Gargoyle Fighter began the quest for the Orb.
     0 | D:1      | Reached XP level 1. HP: 14/14 MP: 1/1
     0 | D:1      | 0 ||| qw: Version: 0.2-a-12-gaebbb33
     0 | D:1      | 0 ||| qw: Game counter: 936
     0 | D:1      | 0 ||| qw: Always use a shield: true
     0 | D:1      | 0 ||| qw: God list: Okawaru
     0 | D:1      | 0 ||| qw: Allow faded altars: false
     0 | D:1      | 0 ||| qw: Do Orc after D:15 true
     0 | D:1      | 0 ||| qw: Do second Lair branch before Depths: true
     0 | D:1      | 0 ||| qw: Lair rune preference: random
     0 | D:1      | 0 ||| qw: Plans: Normal, Zot:1-4, God:TSO, Crypt, Tomb,
                  | Pan, Slime:5, Hells, Abyss, Orb
     0 | D:1      | 0 ||| PLANNING D:1-11
    56 | D:1      | Reached skill level 2 in Axes
   237 | D:1      | Reached XP level 2. HP: 19/19 MP: 2/2
   264 | D:1      | 264 ||| Stepping ~*~*~tactically~*~*~ (stealth).
   265 | D:1      | 265 ||| Stepping ~*~*~tactically~*~*~ (stealth).
   720 | D:1      | 720 ||| READING scroll labelled DEGITW QUVIHI.
   721 | D:1      | 721 ||| READING scroll labelled BULYLE GAUZ.
   722 | D:1      | 722 ||| READING scroll labelled KAMNUKANAMN.
   727 | D:1      | 727 ||| DRINKING 2 glowing ruby potions.
   728 | D:1      | 728 ||| DRINKING 2 viscous grey potions.
   763 | D:2      | Reached skill level 3 in Axes
   785 | D:2      | Reached XP level 3. HP: 15/23 MP: 3/3
  1016 | D:2      | 1016 ||| FLEEEEING.
  1026 | D:2      | 1026 ||| FLEEEEING.
  1027 | D:2      | 1027 ||| FLEEEEING.
  1031 | D:2      | 1031 ||| STAIRDANCE
  1096 | D:2      | 1096 ||| Stepping ~*~*~tactically~*~*~ (stealth).
  1200 | D:2      | 1200 ||| DROPPING +0 club.
  1585 | D:2      | Reached XP level 4. HP: 28/28 MP: 4/4
  1716 | D:2      | Reached skill level 4 in Axes
  1854 | D:2      | 1854 ||| UPGRADING to +0 cloak.
  1859 | D:2      | 1859 ||| UPGRADING to amulet of regeneration.
  1864 | D:2      | 1864 ||| READING scroll labelled WUNOSTR FO FIB.
  1865 | D:2      | 1865 ||| READING scroll labelled XYITUTEEMEI.
  1886 | D:3      | 1886 ||| Stepping ~*~*~tactically~*~*~ (stealth).
  1887 | D:3      | 1887 ||| Stepping ~*~*~tactically~*~*~ (stealth).
  1894 | D:3      | 1894 ||| Stepping ~*~*~tactically~*~*~ (stealth).
  1896 | D:3      | 1896 ||| Stepping ~*~*~tactically~*~*~ (stealth).
  1970 | D:3      | Identified the +5 quarterstaff of the Hawk {pain, rPois
                  | Stlth+}
  2028 | D:3      | Found a faded altar of an unknown god.
  2089 | D:3      | 2089 ||| Stepping ~*~*~tactically~*~*~ (stealth).
  2090 | D:3      | 2090 ||| Stepping ~*~*~tactically~*~*~ (stealth).
  2105 | D:3      | Found a broken altar of Ashenzari.
  2427 | D:3      | 2427 ||| UPGRADING to +0 helmet.
  2432 | D:3      | 2432 ||| DROPPING amulet of faith.
  2433 | D:3      | 2433 ||| READING 2 scrolls labelled COCVYA GEWOR.
  2434 | D:3      | 2434 ||| READING 2 scrolls of identify.
  2434 | D:3      | 2434 ||| IDENTIFYING dark potion
  2435 | D:3      | 2435 ||| DROPPING potion of degeneration.
  2436 | D:3      | 2436 ||| DROPPING scroll of poison.
  2452 | D:4      | 2452 ||| PLANNING SEWER
  2457 | D:4      | Reached XP level 5. HP: 32/32 MP: 5/5
  2477 | D:4      | 2477 ||| DROPPING +0 whip.
  2738 | D:4      | Reached skill level 5 in Axes
  2833 | D:4      | Reached XP level 6. HP: 38/38 MP: 6/6
  3010 | D:4      | Reached skill level 1 in Dodging
  3158 | D:4      | 3158 ||| RIP SEWER
  3181 | D:4      | 3181 ||| PLANNING D:1-11
  3433 | D:4      | 3433 ||| READING scroll labelled SILEQO ONIARCHA.
  3434 | D:4      | 3434 ||| DRINKING 2 fizzy yellow potions.
  3435 | D:4      | 3435 ||| DRINKING 2 bubbling pink potions.
  3436 | D:4      | 3436 ||| DRINKING 2 clear potions.
  3436 | D:4      | Gained mutation: Your magical capacity is low. (-10% MP)
                  | [potion of mutation]
  3436 | D:4      | Gained mutation: You are partially covered in iridescent
                  | scales. (AC +2) [potion of mutation]
  3437 | D:4      | 3437 ||| READING 2 scrolls of identify.
  3437 | D:4      | 3437 ||| IDENTIFYING metallic ruby potion
  3438 | D:4      | 3438 ||| DROPPING potion of flight.
  3439 | D:4      | 3439 ||| DROPPING potion of brilliance.
  3486 | D:5      | Entered Level 5 of the Dungeon
  3487 | D:5      | Identified the +7 spear of Rofuov {freeze, rElec}
  3518 | D:5      | HP: 9/38 [gnoll sergeant/+0 spear (1)]
  3519 | D:5      | Reached XP level 7. HP: 10/43 MP: 6/6
  3519 | D:5      | 3519 ||| READING 2 scrolls of teleportation.
  3602 | D:5      | Reached skill level 6 in Axes
  3623 | D:5      | Noticed Ijyb
  3641 | D:5      | HP: 7/43 [orc priest/divine providence (10)]
  3642 | D:5      | 3642 ||| READING scroll of teleportation.
  3642 | D:5      | Slain by an ice beast

Levels and vault maps discovered:
D:1:      dpeg_arrival_fog, layout_loops_ring
D:2:      layout_loops_ring
D:3:      layout_rooms, ashenzari_altar_1, dilly_ecumenical_altar_fadedgnrine
D:4:      layout_loops_corners, gup_sewer_entry_bubbles
D:5:      layout_basic, xom_confusion_cloud, kennysheep_boxes, uniq_ijyb

Skill      XL: |  1  2  3  4  5  6  7 |
---------------+----------------------+-----
Axes           | 2 3 4 5 6 |  6.5
Fighting       | 4 |  4.2
Dodging        | 1 |  1.7
Armour         | |  3.2
Shields        | |  3.2

Action                   |  1- 3 |  4- 6 |  7- 9 || total
-------------------------+-------+-------+-------++-------
Melee: War axe           |    90 |   171 |    40 ||   301
  Use: Scroll            |     3 |     6 |     2 ||    11
       Potion            |     2 |     3 |       ||     5
Armor: Scale mail        |    48 |    90 |    27 ||   165
Dodge: Dodged            |    34 |    75 |    25 ||   134
Block: Buckler           |    25 |    35 |     5 ||    65

Table legend:
 A = Non-vault XP
 B = Vault XP
 C = Vault XP percentage of total XP
 D = Non-vault monster count
 E = Vault monster count
 F = Vault count percentage of total count
                 A         B        C        D         E       F
            +---------+---------+-------+---------+---------+-------
      Total |     721 |     134 |  15.7 |      72 |       7 |   8.9
            +---------+---------+-------+---------+---------+-------
        D:1 |      25 |       0 |   0.0 |      15 |       0 |   0.0
        D:2 |      76 |       0 |   0.0 |      22 |       0 |   0.0
        D:3 |      62 |       0 |   0.0 |      14 |       0 |   0.0
        D:4 |     326 |      26 |   7.4 |      14 |       6 |  30.0
        D:5 |     232 |     108 |  31.8 |       7 |       1 |  12.5
            +---------+---------+-------+---------+---------+-------
